[Event "*** Titled Tuesday Blitz"]
[Site "Chess.com"]
[Date "2020.03.03"]
[Round "2"]
[White "SerGo055"]
[Black "cottage_cheese"]
[Result "1-0"]
[WhiteElo "2530"]
[BlackElo "2287"]
[TimeControl "180+1"]
[EndTime "13:21:17 PST"]
[Termination "SerGo055 won on time"]

1. d4 d5 2. Nf3 Nf6 3. c4 dxc4 4. Nc3 a6 5. a4 Nc6 6. Bg5 h6 7. Bxf6 exf6 8. e3 Na5 9. Nd2 Be6 10. Qh5 c6 11. Be2 g6 12. Qf3 Bg7 13. h4 h5 14.
O-O f5 15. g3 O-O 16. Rfc1 Qd7 17. Bf1 b5 18. Bg2 Rfc8 19. Qd1 b4 20. Ne2 c5 21. Bxa8 Rxa8 22. Nf3 Nb3 23. dxc5 Bxb2 24. Qxd7 Bxd7 25.
Rxc4 Nxa1 26. Rxb4 Ba3 27. Rb1 Nc2 28. Ned4 Nxd4 29.
exd4 Bc6 30. Ne5 Be4 31. Rb3 Bc1 32. c6 Rc8 33. Rb6 Bd2 34. Rxa6 Bc3 35. Ra7 Bxd4 36.
Re7 Bxe5 37. Rxe5 Bxc6 38. a5 Ra8 39. Rc5 Bd7 40. f4 Be6 41. Kf2 Kf8 42. Ke3 Ke7 43. Kd4 Kd6 44. Re5 Kc6 45. Kc3 Kb7 46. Kb4 Ka6 47.
Rb5 Rc8 48. Rb6+ Ka7 49. Rd6 Rb8+ 50. Ka4 Rc8 51. Kb4 Rc4+ 52. Kb5 Rc3 53. Ra6+ Kb7 54.
Rb6+ Kc7 55. Ka6 Bc8+ 56. Ka7 Ra3 57. Rb5 Kc6 58. Rb6+ Kc7 59. Rb5 Bd7 60. Re5 Be6 61.
Ka6 Bc8+ 62. Ka7 Ra4 63. Rc5+ 1-0

[Event "*** Titled Tuesday Blitz"]
[Site "Chess.com"]
[Date "2020.03.03"]
[Round "2"]
[White "Everyfishknows"]
[Black "Arystanner"]
[Result "0-1"]
[WhiteElo "2411"]
[BlackElo "2739"]
[TimeControl "180+1"]
[EndTime "13:21:24 PST"]
[Termination "Arystanner won on time"]

1. d4 Nf6 2. c4 e6 3. Nc3 Bb4 4. e3 b6 5. Nf3 Bb7 6. Bd3 Ne4 7. Qc2 f5 8. O-O Nxc3 9. bxc3 Bxf3 10. gxf3 Bd6 11.
e4 Qh4 12. e5 Be7 13. f4 g5 14. fxg5 h6 15. f4 hxg5 16. fxg5 Nc6 17. Qf2 Bxg5 18. Qxh4 Bxh4 19. Bf4 O-O-O 20. Kg2 Ne7 21. Kf3 Ng6 22.
Bg3 Bxg3 23. hxg3 Rh2 24. Rf2 Rdh8 25. Raf1 c5 26. Rxh2 Rxh2 27. Rf2 Rh1 28. Rf1 Rh2 29.
Rf2 Rh8 30. Rf1 Kc7 31. Kg2 d6 32. exd6+ Kxd6 33. Rh1 Rxh1 34. Kxh1 Ke7 35. Kg1 Kf6 36. Kf2 Ne7 37. Kf3 e5 38. Ke3 Nc6 39. dxc5 bxc5 40.
Bc2 Ne7 41. Bd3 Nc8 42. Be2 Nd6 43. Kd3 e4+ 44. Ke3 Ke5 45. Bf1 Nf7 46. Be2 Ng5 47. Bf1 Ne6 48. Be2 f4+ 49. gxf4+ Nxf4 50. Bf1 Nh5 51.
Bg2 Nf6 52. Bh1 Ng4+ 53. Ke2 Kf4 54. Bg2 Ne5 55. Bh3 Nxc4 56. Bc8 Ne5 57. Be6 Nd3 58.
Bc4 Ne5 59. Bd5 a5 60. Bb7 Ng4 61. Bc6 Ke5 62. Bb7 Nf6 63. Bc6 Nd5 64. Bb7 Nxc3+ 65. Kd2 Nxa2 66. Kc2 Nb4+ 67. Kb3 Kd4 68. Ka4 e3 69.
Bf3 Nc6 70. Kb3 c4+ 71. Kc2 Nb4+ 72. Kb2 c3+ 0-1

[Event "*** Titled Tuesday Blitz"]
[Site "Chess.com"]
[Date "2020.03.03"]
[Round "2"]
[White "Harry_Rakkel"]
[Black "GrigorGrigorov"]
[Result "0-1"]
[WhiteElo "2554"]
[BlackElo "2757"]
[TimeControl "180+1"]
[EndTime "13:21:27 PST"]
[Termination "GrigorGrigorov won on time"]

1. d4 Nf6 2. Nf3 e6 3. Bf4 d5 4. e3 Bd6 5. Nbd2 O-O 6. Bd3 b6 7. Bg3 c5 8. c3 Ba6 9. Bxa6 Nxa6 10. Qe2 Nc7 11. O-O Bxg3 12. hxg3 Nce8 13. dxc5 bxc5 14.
e4 Qb6 15. b3 a5 16. c4 d4 17. e5 Nd7 18. Qe4 Ra6 19. Ng5 f5 20. exf6 Nexf6 21. Qh4 h6 22. Nge4 Nxe4 23. Nxe4 Nf6 24. Rfe1 Nxe4 25.
Rxe4 a4 26. Rb1 axb3 27. Rxb3 Qa7 28. Rf3 Rxf3 29. gxf3 Qd7 30. Re2 Ra4 31. Rc2 d3 32. Rd2 Ra3 33. Qe4 Rc3 34. Kg2 Qd6 35. a4 e5 36. a5 Qd4 37. a6 Qxe4 38. fxe4 Ra3 39. a7 Rxa7 40. Rxd3 Ra4 41. Rd5 Rxc4 42. Rxe5 Rc3 43. g4 Kf7 44. f3 Kf6 45. Rd5 Ke6 46. Kg3 c4 47. Kf4 g5+ 48. Kg3 Rc1 49. Kf2 c3 50.
Ke3 c2 51. Kd2 Rf1 52. Kxc2 Rxf3 53. Ra5 Rg3 54. Ra6+ Ke5 55. Rxh6 Kxe4 56. Kd2 Kf3 57. Rf6+ Kg2 0-1

[Event "*** Titled Tuesday Blitz"]
[Site "Chess.com"]
[Date "2020.03.03"]
[Round "2"]
[White "AnkitGajwa"]
[Black "Aleksandr_Kozak"]
[Result "1-0"]
[WhiteElo "2477"]
[BlackElo "2220"]
[TimeControl "180+1"]
[EndTime "13:21:30 PST"]
[Termination "AnkitGajwa won on time"]

1. e4 e5 2. Nf3 Nc6 3. Bb5 f5 4. Nc3 fxe4 5. Nxe4 Nf6 6. Nxf6+ Qxf6 7. Qe2 Be7 8. d4 Nxd4 9. Nxd4 exd4 10. O-O c6 11.
Re1 cxb5 12. Qh5+ Qf7 13. Qe5 O-O 14. Re2 Bf6 15. Qxb5 d5 16. Bf4 Bf5 17. Rae1 h6 18. Be5 Bxe5 19. Rxe5 Bxc2 20. f3 d3 21. Qb4 Rfe8 22.
Re7 Rxe7 23. Rxe7 d2 24. Rxf7 d1=Q+ 25. Kf2 Kxf7 26. Qxb7+ Kg6 27. Qxa8 Qd2+ 28. Kg3 Qg5+ 29. Kf2 Qd2+ 30. Kg3 Qd4 31. Qc6+ Kh7 32. Qxc2+ g6 33. Qe2 h5 34. h4 Kh6 35. b3 Qf6 36. Qe3+ g5 37. hxg5+ Qxg5+ 38. Qxg5+ Kxg5 39. Kf2 h4 40. Ke3 Kf5 41. b4 Ke5 42. a4 d4+ 43. Kd3 Kf4 44.
Kxd4 Kg3 45. f4 Kxg2 46. f5 h3 47. f6 h2 48. f7 h1=Q 49. f8=Q Qf1 50. Qxf1+ Kxf1 51. b5 Ke2 52. a5 Kd2 53. b6 1-0

[Event "*** Titled Tuesday Blitz"]
[Site "Chess.com"]
[Date "2020.03.03"]
[Round "2"]
[White "Megagigahiper3345"]
[Black "Orest_Vovk"]
[Result "0-1"]
[WhiteElo "2096"]
[BlackElo "2535"]
[TimeControl "180+1"]
[EndTime "13:21:32 PST"]
[Termination "Orest_Vovk won by resignation"]

1. d4 f5 2. c4 Nf6 3. Nc3 e6 4. a3 c6 5. c5 d5 6. cxd6 Bxd6 7. g3 O-O 8. Bg2 e5 9. dxe5 Bxe5 10. Qb3+ Kh8 11.
Nf3 Bc7 12. O-O Qe7 13. Bg5 Nbd7 14. Rad1 Nc5 15. Qc2 Be6 16. Nd4 Qf7 17. Nxe6 Qxe6 18. b4 Nce4 19. Bxf6 Nxf6 20. e3 Rae8 21. Rd4 Be5 22.
Rd3 Bxc3 23. Qxc3 Ne4 24. Qd4 Nf6 25. Rfd1 a6 26. Qb6 Qe7 27. Qc5 Qxc5 28. bxc5 Re5 29.
Rb3 Re7 30. Bf3 g6 31. Rd6 Kg7 32. a4 Rff7 33. h4 Ne4 34. Bxe4 Rxe4 35. Rd4 Rxd4 36. exd4 Rd7 37. Kf1 Kf6 38. Ke2 Rxd4 39. Rxb7 Rxa4 40. Rxh7 Ra5 41. Ra7 Rxc5 42. Rxa6 Re5+ 43. Kd3 Re6 44. Ra5 Rd6+ 45. Kc3 Re6 46. Kd3 Kg7 47. Rc5 Kh6 48.
Rc4 Kh5 49. Kd2 Kh6 50. Kd3 Kg7 51. Rc5 Kf7 52. Rc1 Ke7 53. Kd4 Kd6 54. Rc2 Re4+ 55. Kd3 c5 56. f3 Ra4 57. Ke3 Kd5 58. Rg2 Ke5 59. f4+ Kd5 60. g4 Ra3+ 61. Kf2 Ra2+ 62. Kg3 Rxg2+ 63. Kxg2 fxg4 64. Kg3 c4 65. Kf2 c3 66. f5 gxf5 67. h5 c2 68. h6 c1=Q 69. h7 0-1

[Event "*** Titled Tuesday Blitz"]
[Site "Chess.com"]
[Date "2020.03.03"]
[Round "2"]
[White "Fuerza777"]
[Black "LogoCzar"]
[Result "0-1"]
[WhiteElo "2197"]
[BlackElo "2472"]
[TimeControl "180+1"]
[EndTime "13:21:41 PST"]
[Termination "LogoCzar won by checkmate"]

1. d4 d5 2. c4 c6 3. Nf3 Nf6 4. Qc2 g6 5. Bf4 Bg7 6. e3 O-O 7. Nc3 c5 8. dxc5 Qa5 9. Rd1 Ne4 10. cxd5 Nxc3 11. bxc3 Bxc3+ 12. Nd2 Bf5 13. Bd3 Bxd3 14. Qxd3 Nd7 15. O-O Nxc5 16. Qc2 Rac8 17. Nb3 Nxb3 18. Qxb3 b5 19. e4 Rc4 20. Be3 Rfc8 21. f3 Rb4 22. Qc2 Rb2 23. Qd3 Qxa2 24. Rf2 b4 25. Rxb2 Qxb2 26. Bxa7 Be5 27. g3 Rc2 28. Qf1 Rxh2 29.
f4 Bc3 30. Bf2 Rh5 31. e5 Qc2 32. d6 exd6 33. exd6 Qe4 34. Qg2 Qe8 35. d7 Qd8 36.
Qc6 Bf6 37. Qc8 Kg7 38. Qxd8 Bxd8 39. Bd4+ f6 40. Bc5 Kf7 41. Bxb4 Rb5 42. Bc3 Rb7 43. Ba1 Ke6 44. Kg2 Rxd7 45. Rxd7 Kxd7 46. g4 Ke6 47. Kf3 Bc7 48. Bb2 Bd6 49. Bc3 f5 50. gxf5+ Kxf5 51. Bd2 h5 52. Be1 Bxf4 53. Bh4 Be5 54. Bf2 g5 55.
Kg2 g4 56. Be3 Bf4 57. Bd4 h4 58. Bf2 h3+ 59. Kh1 Ke4 60. Bh4 Kf3 61. Be1 Bg3 62. Bd2 Bf2 63. Be1 Bxe1 64. Kh2 Bf2 65. Kh1 Bh4 66. Kh2 g3+ 67. Kh1 g2+ 68. Kg1 Bf2+ 69. Kh2 g1=Q+ 70. Kxh3 Qg3# 0-1

[Event "*** Titled Tuesday Blitz"]
[Site "Chess.com"]
[Date "2020.03.03"]
[Round "2"]
[White "ChesterF"]
[Black "Rhinos1"]
[Result "1-0"]
[WhiteElo "2435"]
[BlackElo "2159"]
[TimeControl "180+1"]
[EndTime "13:21:43 PST"]
[Termination "ChesterF won on time"]

1. d4 Nf6 2. c4 g6 3. Nc3 Bg7 4. e4 d6 5. h3 O-O 6. Be3 c5 7. d5 Na6 8. Nf3 Nc7 9. Bd3 a6 10. O-O Rb8 11. a4 b6 12. Re1 Nfe8 13. Qd2 Bd7 14. Bh6 b5 15. Bxg7 Kxg7 16. cxb5 axb5 17. b3 bxa4 18. bxa4 Qc8 19. Ne2 Na6 20. Ng3 f6 21. h4 Nec7 22. h5 Nb4 23. Bc4 Ra8 24. h6+ Kh8 25. a5 Bb5 26. Qc3 Bxc4 27. Qxc4 Qa6 28.
Qc3 Nb5 29. Qd2 Rfb8 30. Rec1 Qc8 31. Qf4 Rb7 32. Qe3 Rc7 33. e5 dxe5 34. Nxe5 Nd4 35.
Nc4 Nbc2 36. Qe4 Nxa1 37. Nb6 Qf8 38. Nxa8 Qxa8 39. Rxa1 Rd7 40. a6 Rxd5 41. a7 Nb5 42. Qxd5 Qxd5 43. a8=Q+ Qg8 44. Qxg8+ Kxg8 45. Ra5 Nd4 46.
Rxc5 Kf7 47. Rc8 g5 48. Rd8 Ne6 49. Rd7 Nf8 50. Ra7 Ng6 51. Nf5 Ke6 52. g4 Kf7 53. f3 Ke6 54. Kf2 Kf7 55. Rb7 Ke6 56. Ra7 Kf7 57. Ke3 Ke6 58. Ke4 Kf7 59. Kd5 Ke8 60. Kc6 1-0

[Event "*** Titled Tuesday Blitz"]
[Site "Chess.com"]
[Date "2020.03.03"]
[Round "2"]
[White "vlad_Sid"]
[Black "Rubinstein_Akiba"]
[Result "1-0"]
[WhiteElo "2703"]
[BlackElo "2349"]
[TimeControl "180+1"]
[EndTime "13:21:54 PST"]
[Termination "vlad_Sid won by checkmate"]

1. c4 Nf6 2. g3 e5 3. Bg2 d5 4. cxd5 Nxd5 5. Nc3 Nb6 6. Nf3 Nc6 7. O-O Be7 8. d3 O-O 9. a3 Be6 10. Be3 Nd5 11. Nxd5 Bxd5 12. Rc1 f6 13. Qa4 Qd7 14. Qb5 a6 15. Nxe5 Bxg2 16. Nxd7 axb5 17. Kxg2 Rfd8 18. Nc5 Na5 19. Ne4 Rd7 20. Nd2 b4 21. axb4 Bxb4 22. Ra1 Rdd8 23. Ra4 Bxd2 24. Bxd2 Nb3 25. Rxa8 Rxa8 26.
Bc3 c5 27. Kf3 Kf7 28. g4 b5 29. Rb1 b4 30. Be1 Nd4+ 31. Ke4 Nxe2 32. Bd2 Rd8 33. Be3 Nd4 34. Rc1 Re8+ 35. Kd5 Re5+ 36. Kc4 Ne6 37. Ra1 h5 38. Ra7+ Kg6 39. h3 hxg4 40.
hxg4 f5 41. gxf5+ Kxf5 42. Re7 Kf6 43. Rd7 g5 44. Rd5 g4 45. Bxc5 Nxc5 46. Rxe5 Kxe5 47. Kxc5 Kf4 48. d4 Kf3 49. d5 Kxf2 50. d6 g3 51. d7 g2 52. d8=Q g1=Q 53. Qd4+ Kf1 54. Qxg1+ Kxg1 55. Kxb4 Kf2 56. Kc5 Ke3 57. b4 Ke4 58. b5 Ke5 59. b6 Ke6 60. b7 Kd7 61. b8=Q Ke7 62. Qd6+ Kf7 63. Kd5 Kg7 64. Qa3 Kh7 65.
Qa1 Kg8 66. Qh1 Kf8 67. Qe4 Kg7 68. Qe6 Kh7 69. Qg4 Kh8 70. Kc6 Kh7 71. Kb7 Kh8 72.
Ka8 Kh7 73. Qg5 Kh8 74. Ka7 Kh7 75. Ka6 Kh8 76. Ka5 Kh7 77. Ka4 Kh8 78. Ka3 Kh7 79.
Ka2 Kh8 80. Ka1 Kh7 81. Kb1 Kh8 82. Kc1 Kh7 83. Kd1 Kh8 84. Qe7 Kg8 85. Ke1 Kh8 86. Kf1 Kg8 87. Kg1 Kh8 88. Kh1 Kg8 89. Kh2 Kh8 90. Kh3 Kg8 91. Kh4 Kh8 92. Kh5 Kg8 93. Kh6 Kh8 94. Qg7# 1-0

[Event "*** Titled Tuesday Blitz"]
[Site "Chess.com"]
[Date "2020.03.03"]
[Round "2"]
[White "NTBT_DHS"]
[Black "Poghosyan_Suren"]
[Result "1/2-1/2"]
[WhiteElo "2707"]
[BlackElo "2447"]
[TimeControl "180+1"]
[EndTime "13:21:56 PST"]
[Termination "Game drawn by stalemate"]

1. d4 Nf6 2. c4 c5 3. d5 b5 4.
cxb5 a6 5. bxa6 g6 6. Nc3 Bg7 7. Nf3 O-O 8. g3 d6 9. Bg2 Bxa6 10. O-O Nbd7 11. Rb1 Nb6 12. b3 Bc8 13. Nd2 Bf5 14. e4 Bg4 15. Qc2 Bc8 16. Re1 Ba6 17. Bf1 Ng4 18. h3 Ne5 19. Bxa6 Rxa6 20. Kg2 c4 21. bxc4 Nbxc4 22. Nxc4 Nxc4 23. Nb5 Qc8 24. Re2 Qc5 25. Be3 Nxe3+ 26. fxe3 Rc8 27. Qxc5 Rxc5 28. Rb4 Rc1 29.
Nd4 Bxd4 30. exd4 Ra1 31. Rbb2 Ra4 32. Rbd2 Rc1 33. e5 Rcc4 34. exd6 exd6 35. Re4 Ra5 36. Re8+ Kg7 37. Re7 Rxd5 38. Rf2 Rf5 39. Rxf5 gxf5 40. Re2 Rxd4 41. a3 Ra4 42. Re3 Kf6 43. Kf3 d5 44. h4 d4 45. Rb3 Ke5 46. Rb5+ Ke6 47. Rb3 Kd5 48. Rb5+ Kc4 49. Rxf5 Rxa3+ 50. Kf4 Ra1 51. Kg5 d3 52. Rxf7 d2 53. Rc7+ Kb4 54.
Rb7+ Kc5 55. Rd7 d1=Q 56. Rxd1 Rxd1 57. g4 Rd7 58. Kf6 Kd6 59. h5 h6 60. Kg6 Ke6 61. Kxh6 Kf6 62. g5+ Kf7 63. Kh7 Kf8+ 64. Kh8 Re7 65. g6 Rg7 66. h6 Rxg6 67. h7 Rg7 1/2-1/2

[Event "*** Titled Tuesday Blitz"]
[Site "Chess.com"]
[Date "2020.03.03"]
[Round "2"]
[White "Shahinyan_ChessMood"]
[Black "MITerryble"]
[Result "0-1"]
[WhiteElo "2629"]
[BlackElo "2920"]
[TimeControl "180+1"]
[EndTime "13:21:57 PST"]
[Termination "MITerryble won by resignation"]

1. e4 e6 2. d4 d5 3. Bd3 dxe4 4. Bxe4 Nf6 5. Bf3 Nbd7 6. Ne2 Bd6 7. Bf4 Bxf4 8. Nxf4 e5 9. dxe5 Nxe5 10. Qxd8+ Kxd8 11. Be2 Bf5 12. Na3 c6 13. O-O-O+ Kc7 14. Nc4 Nxc4 15.
Bxc4 Ne4 16. Rhe1 Rad8 17. Rxd8 Rxd8 18. Bxf7 Nxf2 19. Be6 Re8 20. Re2 Bxe6 21. Nxe6+ Kd6 22. Rxf2 Rxe6 23. Kd2 Re7 24. Kd3 a5 25. a4 b5 26.
axb5 cxb5 27. c4 Kc6 28. Kd4 Rb7 29. Re2 bxc4 30. Kxc4 Rb4+ 31. Kc3 Rg4 32. g3 Rg5 33. Re7 h5 34. Ra7 Kb6 35. Re7 Kc5 36. Ra7 Kb5 37. Re7 g6 38. Re4 Rc5+ 39. Kb3 Rf5 40. Kc3 Rf3+ 41. Kc2 Rf2+ 42. Kc3 Rf5 43. Re6 g5 44.
Re3 g4 45. Re2 Rf3+ 46. Kc2 Rf5 47. Kb1 Kc4 48. Rd2 Kb3 49. Rd3+ Kb4 50. Rd2 Kb3 51. Rd3+ Kc4 52. Rd2 Rd5 53. Rf2 Kb3 54. Kc1 Rc5+ 55.
Kb1 Re5 56. Kc1 Re1+ 57. Kd2 Rb1 58. Rf5 Rxb2+ 59. Kd3 a4 60. Rxh5 a3 61. Rh8 Ka2 62. Ke4 Rb4+ 63. Kf5 Kb2 64. Ra8 a2 65. Kg5 a1=Q 66.
Rxa1 Kxa1 67. Kh4 Kb2 68. h3 gxh3+ 69. Kxh3 Kc3 70. g4 Kd4 71. Kh4 Ke5 72. Kh5 Kf6 73. g5+ Kg7 0-1

[Event "*** Titled Tuesday Blitz"]
[Site "Chess.com"]
[Date "2020.03.03"]
[Round "2"]
[White "lelya96"]
[Black "SloLev"]
[Result "0-1"]
[WhiteElo "2293"]
[BlackElo "2522"]
[TimeControl "180+1"]
[EndTime "13:21:57 PST"]
[Termination "SloLev won on time"]

1. e4 e5 2. Nf3 Nc6 3. Bb5 Nge7 4. O-O g6 5. c3 Bg7 6. d4 exd4 7. cxd4 a6 8. Ba4 b5 9. Bb3 O-O 10. Nc3 d6 11. Re1 Bg4 12. Be3 Bxf3 13. gxf3 Na5 14. Bc2 Nc4 15. b3 Nxe3 16. fxe3 c5 17. Ne2 Nc6 18. Rc1 Qg5+ 19. Ng3 cxd4 20. f4 Qh4 21. Bd3 Rfc8 22. e5 d5 23. Qf3 Nb4 24. exd4 Nxd3 25. Qxd3 Qxf4 26. Rxc8+ Rxc8 27. Rf1 Qg4 28.
h3 Qxh3 29. Qf3 Qe6 30. Ne2 b4 31. Nf4 Qf5 32. Nxd5 Qxf3 33. Rxf3 Rd8 34. Ne7+ Kf8 35. Nc6 Rd5 36. Rd3 a5 37. Rh3 h5 38. Rf3 Ke8 39. Kf2 Bh6 40. Rf6 Bg5 41. Rf3 Kd7 42. Nb8+ Ke6 43.
Nc6 h4 44. Ke2 f5 45. Kd3 Bh6 46. Kc4 Bf8 47. Na7 g5 48. Nb5 Rd7 49. Re3 f4 50. d5+ Kf5 51. Re1 f3 52. e6 f2 53. Rf1 Rd8 54.
Rxf2+ Ke4 55. Re2+ Kf3 56. Nd4+ Kg4 57. e7 Rc8+ 58.
Kb5 Bxe7 59. Rxe7 h3 60. Rh7 Kg3 61. Nf5+ Kg2 62. Ne3+ Kg3 63. d6 g4 64. Nf5+ Kf4 65. Ne7 Rd8 66. Kc6 Kg3 67. Nf5+ Kf4 68. Ne7 Kg3 69. d7 h2 70. Nf5+ Kg2 71. Ne3+ Kf3 72. Nf1 g3 73. Nxh2+ Kf2 74. Ng4+ Kf3 75. Nh2+ Kf4 76.
Rf7+ Ke5 77. Ng4+ Ke6 78. Rf6+ Ke7 79. Rf1 Rxd7 80. Re1+ Kd8 81. Ne5 Rc7+ 82. Kd6 g2 0-1

[Event "*** Titled Tuesday Blitz"]
[Site "Chess.com"]
[Date "2020.03.03"]
[Round "2"]
[White "NeverEverForever1990"]
[Black "DanielDardha2005"]
[Result "1-0"]
[WhiteElo "2362"]
[BlackElo "2677"]
[TimeControl "180+1"]
[EndTime "13:22:00 PST"]
[Termination "NeverEverForever1990 won by resignation"]

1. e4 c5 2. Nf3 Nc6 3. Bb5 Nf6 4.
Bxc6 dxc6 5. d3 Bg4 6. Nbd2 e5 7. h3 Bxf3 8. Nxf3 Nd7 9. O-O Bd6 10. a4 Nf8 11. a5 Ne6 12. Nd2 O-O 13. Nc4 Bc7 14.
Be3 f6 15. Qb1 b5 16. axb6 axb6 17. Rxa8 Qxa8 18. Nd2 Qb7 19. b4 cxb4 20. Qxb4 b5 21. Nb3 Ra8 22. Qe7 Qc8 23. Ra1 Rxa1+ 24. Nxa1 Nf4 25. Nb3 Ng6 26. Qc5 Qd7 27. d4 exd4 28. Nxd4 Ne7 29. Qc3 Be5 30. Qb3+ Kh8 31. Qf7 c5 32.
Qf8+ Ng8 33. Qxc5 Qd8 34. g3 Qd7 35. Kg2 Qb7 36. Qd5 Qxd5 37. exd5 Ne7 38. Nxb5 Nxd5 39.
c4 Nxe3+ 40. fxe3 Kg8 41. g4 Kf7 42. Kf3 Ke6 43. Ke4 g6 44. Nd4+ Kd6 45. Nb3 h5 46. c5+ Ke6 47. Nd4+ Kd7 48. Kd5 hxg4 49. hxg4 Bb8 50.
c6+ Ke7 51. Ne6 Bg3 52. Nc5 f5 53. gxf5 gxf5 54. Ne6 Bf2 55. Nd4 Kd8 56. Nxf5 Kc7 57. e4 Be1 58. e5 Bb4 59. e6 Kd8 60. Nd6 Ba3 61. Nf7+ Kc7 62. Ne5 Be7 63. Ng6 Ba3 64. e7 Bxe7 65. Nxe7 Kd8 66. Kd6 Ke8 67. Nd5 Kf7 68.
c7 Kg6 69. c8=Q Kg5 70. Qe6 Kh5 71. Qf7+ Kg5 72. Ne3 Kh6 73. Qf6+ Kh5 74. Qg7 1-0

[Event "*** Titled Tuesday Blitz"]
[Site "Chess.com"]
[Date "2020.03.03"]
[Round "2"]
[White "DrMelekess"]
[Black "ChainsOfFantasia"]
[Result "0-1"]
[WhiteElo "2720"]
[BlackElo "2555"]
[TimeControl "180+1"]
[EndTime "13:22:12 PST"]
[Termination "ChainsOfFantasia won on time"]

1. d4 Nf6 2. Nf3 e6 3. c4 d5 4. Nc3 dxc4 5. e4 Bb4 6. Bxc4 Nxe4 7. O-O Nxc3 8. bxc3 Bd6 9. Ng5 h6 10. Qh5 O-O 11.
Bd3 f5 12. Nf3 Qe8 13. Qh3 Qf7 14. Re1 Nc6 15. c4 f4 16. Ne5 Nxe5 17. dxe5 Bc5 18. Re4 f3 19. Rf4 Qd7 20. Rxf8+ Bxf8 21. Qxf3 Qd4 22.
Rb1 Qxe5 23. Bb2 Qg5 24. Qe4 Qf5 25. Qe3 Qg5 26. f4 Qh5 27. Qe4 Qf5 28. Qf3 Qf7 29.
Kh1 Rb8 30. Bd4 b6 31. Qe4 Qf5 32. Qe3 Qf7 33. Re1 Bb7 34. h3 Rd8 35. Be5 Bd6 36. Be4 Bxe5 37. fxe5 Bxe4 38. Qxe4 Rd2 39. Qa8+ Kh7 40.
Qxa7 Qf2 41. Rg1 Qc5 42. Qa4 Qxe5 43. Qb3 Re2 44. Qd3+ Kg8 45. Qb3 Re3 46. Qb5 Qxb5 47. cxb5 Re5 48. Rc1 Rxb5 49. Rxc7 Rc5 50. Rb7 Rc6 51.
Kh2 Kh7 52. a4 Kg6 53. Ra7 Kf6 54. a5 bxa5 55. Rxa5 e5 56. Ra7 g6 57. Kg3 Rc3+ 58.
Kf2 h5 59. h4 Kf5 60. Rf7+ Ke6 61. Rg7 Kf6 62. Rd7 Rc4 63. g3 Kf5 64. Rf7+ Kg4 65. Rf6 Rc2+ 66. Ke3 Kxg3 67. Rxg6+ Kxh4 68. Kd3 Rc5 69. Ke4 Kh3 70. Kf3 h4 71. Rg1 Rc3+ 72. Ke4 Rg3 73.
Rh1+ Kg4 74. Kxe5 h3 75. Ke4 Rg2 76. Rf1 h2 0-1

[Event "*** Titled Tuesday Blitz"]
[Site "Chess.com"]
[Date "2020.03.03"]
[Round "2"]
[White "Gordima"]
[Black "MiroMiljkovic"]
[Result "1-0"]
[WhiteElo "2794"]
[BlackElo "2569"]
[TimeControl "180+1"]
[EndTime "13:22:27 PST"]
[Termination "Gordima won by resignation"]

1. d4 Nf6 2. c4 e6 3. Nc3 Bb4 4. Qc2 O-O 5. Nf3 d5 6. cxd5 exd5 7. Bg5 h6 8. Bh4 Nbd7 9. e3 c5 10. Bd3 c4 11. Bf5 Be7 12. O-O Nb6 13. a4 Bxf5 14.
Qxf5 a5 15. Ne5 Ne8 16. Bg3 Bb4 17. Nb5 Nd6 18. Nxd6 Bxd6 19. b3 Bxe5 20. Bxe5 cxb3 21. Rfb1 Nc4 22. Rxb3 b6 23. h3 Re8 24. Bg3 Rc8 25.
Rb5 Qe7 26. Rxd5 Rc6 27. Rd7 Qe6 28. Qxe6 Rcxe6 29. Rb1 Rg6 30. Rc7 Nd2 31. Rb2 Ne4 32. Bf4 Rge6 33. g4 g5 34. Bh2 Nf6 35. Rb7 Nd5 36. Rc2 R8e7 37. Rxe7 Rxe7 38. Rc6 Rd7 39. e4 Nb4 40. Rc8+ Kg7 41. d5 Nd3 42. Rc3 Nc5 43. f3 Nxa4 44. Rc6 b5 45. Be5+ Kh7 46.
Rc8 f6 47. Bxf6 Kg6 48. Bd4 b4 49. Ra8 Nc3 50. Rxa5 Ne2+ 51. Kf2 Nxd4 52. Ke3 Nc2+ 53. Kd3 b3 54. Rb5 Ne1+ 55. Ke2 Nc2 56. Kd3 Ne1+ 57.
Ke3 Nc2+ 58. Kf2 Nd4 59. Rb4 Kf6 60. Rxd4 Rb7 61. Rd1 Ke5 62. Rb1 b2 63. Ke3 Rb3+ 64. Ke2 Rb6 65. Kd2 Kd4 66. Kc2 Rf6 67. Rxb2 Rxf3 68.
Rb4+ Ke5 69. Rb6 Rxh3 70. Re6+ Kd4 71. d6 Kc5 72. e5 Re3 73. Re7 Re4 74. d7 Kc6 75. e6 Rxg4 76. d8=Q Rc4+ 77. Kb3 Rc5 78. Qc7+ Kd5 79. Rd7+ Kxe6 80. Qxc5 Kxd7 81. Qe3 Kd6 82. Qg1 Ke5 83. Kc2 Kf4 84. Kd2 g4 85. Ke1 g3 86.
Kf1 Kg4 87. Kg2 h5 88. Qh1 h4 89. Qh3+ 1-0

[Event "*** Titled Tuesday Blitz"]
[Site "Chess.com"]
[Date "2020.03.03"]
[Round "2"]
[White "Vegan4future"]
[Black "SantoBlue"]
[Result "0-1"]
[WhiteElo "2545"]
[BlackElo "2753"]
[TimeControl "180+1"]
[EndTime "13:22:44 PST"]
[Termination "SantoBlue won by checkmate"]

1. e4 e5 2. Nf3 Nc6 3. Bb5 a6 4. Ba4 Nf6 5. O-O b5 6. Bb3 Be7 7. d3 O-O 8. a4 Rb8 9. axb5 axb5 10. Nc3 d6 11. Ne2 Bg4 12. Ng3 Nd4 13. Nxd4 Bxd1 14. Nc6 Qe8 15. Nxe7+ Qxe7 16. Nf5 Qd7 17. Rxd1 Ra8 18.
Bg5 Rfb8 19. Nh6+ gxh6 20. Bxf6 Rxa1 21. Rxa1 Qc8 22. h3 Ra8 23. Re1 Kf8 24. Re3 c6 25. Rg3 d5 26. Bxe5 Qe6 27. d4 f6 28. Rf3 Kg7 29. exd5 cxd5 30. Rxf6 Qxf6 31. Bxf6+ Kxf6 32. Bxd5 Ra1+ 33. Kh2 Rb1 34. b3 b4 35. Be4 Rd1 36. Bd3 Re1 37. Kg3 Re7 38. Kf4 Ke6 39. Bc4+ Kd6 40. g4 Re8 41. Kf3 Re1 42. Kf4 Rh1 43. Kg3 Rd1 44. Bd3 Kd5 45. Bxh7 Kxd4 46. f4 Ke3 47. f5 Rd6 48. Kh4 Kf4 49. Kh5 Kg3 50. h4 Kf4 51. Bg6 Rc6 52. Kxh6 Kxg4 53. h5 Kf4 54. Kg7 Kg5 55. Kf7 Rxc2 56. Ke7 Rc3 57. Bf7 Rh3 58. Ke6 Re3+ 59. Kd6 Kxf5 60. Kc5 Kf6 61. Bc4 Re5+ 62. Kxb4 Rxh5 63. Kc3 Ke7 64. Kd4 Rg5 65. Kc3 Kd6 66. Kd4 Rg4+ 67.
Ke3 Ke5 68. Kd3 Rg3+ 69. Ke2 Kd4 70. Kf2 Rg7 71. Kf3 Rg6 72. Kf4 Rf6+ 73. Kg5 Rf8 74.
Kg6 Ke5 75. Kg7 Rf2 76. Kg6 Rb2 77. Kg7 Rd2 78. Kg6 Rg2+ 79. Kf7 Rg3 80. Ke7 Rg7+ 81. Kf8 Ra7 82. Ke8 Kf6 83. Kd8 Rh7 84. Ke8 Rh2 85. Kd8 Rd2+ 86. Kc8 Ke5 87. Kc7 Rd6 88. Kb7 Kd4 89. Kc7 Rh6 90. Kb7 Kc5 91.
Kc7 Rh7+ 92. Kd8 Ra7 93. Ke8 Kd6 94. Kf8 Re7 95. Kg8 Ke5 96. Kf8 Kf6 97. Kg8 Re8+ 98. Kh7 Rc8 99. Bd5 Rb8 100. Bc4 Rd8 101. Bg8 Rd7+ 102.
Kh6 Rg7 103. Bc4 Rg5 104. b4 Rg4 105. Bd3 Rh4# 0-1

[Event "*** Titled Tuesday Blitz"]
[Site "Chess.com"]
[Date "2020.03.03"]
[Round "3"]
[White "LawrenceTrent"]
[Black "ChristianAlm"]
[Result "0-1"]
[WhiteElo "2570"]
[BlackElo "2353"]
[TimeControl "180+1"]
[EndTime "13:24:43 PST"]
[Termination "ChristianAlm won by resignation"]

1. c4 c6 2. Nf3 d5 3. e3 Nf6 4.
b3 g6 5. Bb2 Bg7 6. Be2 O-O 7.
O-O dxc4 8. Bxc4 Bf5 9. d3 b5 10. e4 Bg4 11. Bxf7+ Rxf7 12. h3 Bxf3 13. Qxf3 Nd5 0-1

[Event "*** Titled Tuesday Blitz"]
[Site "Chess.com"]
[Date "2020.03.03"]
[Round "3"]
[White "Fy_Rakotomaharo"]
[Black "FearNoEvil12"]
[Result "1-0"]
[WhiteElo "2535"]
[BlackElo "2003"]
[TimeControl "180+1"]
[EndTime "13:25:05 PST"]
[Termination "Fy_Rakotomaharo won by resignation"]

1. d4 b5 2. e4 a6 3. Nf3 Bb7 4. Bd3 e6 5. O-O Nf6 6. Re1 d6 7. a4 b4 8. c4 bxc3 9. Nxc3 Nbd7 10. Bg5 h6 11. Bd2 g5 12. e5 Nd5 13. exd6 cxd6 14. Qb3 Rb8 15. Nxd5 Bxd5 16. Qxd5 Nf6 17. Rxe6+ fxe6 18. Qxe6+ Be7 19. Bg6+ 1-0

[Event "*** Titled Tuesday Blitz"]
[Site "Chess.com"]
[Date "2020.03.03"]
[Round "3"]
[White "cherryandmint"]
[Black "Entilza"]
[Result "1-0"]
[WhiteElo "2861"]
[BlackElo "2490"]
[TimeControl "180+1"]
[EndTime "13:25:36 PST"]
[Termination "cherryandmint won by resignation"]

1. e4 c6 2. Nc3 d5 3. Nf3 dxe4 4. Nxe4 Nf6 5. Qe2 Nxe4 6. Qxe4 Qd5 7. Qh4 Qe6+ 8. Be2 Qg4 9. Qg3 Qxg3 10. hxg3 f6 11. d4 Bf5 12. c3 Bg4 13. Bd3 Bxf3 14. gxf3 h6 15. Bg6+ Kd7 16. Be3 e6 17. f4 Bd6 18. f5 exf5 19. Bxf5+ Kc7 20. c4 c5 21. dxc5 Bxc5 1-0

[Event "*** Titled Tuesday Blitz"]
[Site "Chess.com"]
[Date "2020.03.03"]
[Round "3"]
[White "DenishevM"]
[Black "lelya96"]
[Result "1-0"]
[WhiteElo "2597"]
[BlackElo "2291"]
[TimeControl "180+1"]
[EndTime "13:25:47 PST"]
[Termination "DenishevM won by resignation"]

1. d4 Nf6 2. c4 e6 3. Nf3 Bb4+ 4. Bd2 Qe7 5. g3 Nc6 6. Bg2 O-O 7. O-O Bxd2 8. Qxd2 a5 9. a3 d5 10. Qc2 Ne4 11. Nc3 Nxc3 12. Qxc3 Rd8 13. e3 Bd7 14. Rac1 Be8 15. Rfd1 f6 16. Nd2 Bf7 17. cxd5 exd5 18. Nb3 a4 19. Nc5 b6 20. Nb7 Bh5 21. Nxd8 Nxd8 22.
Bxd5+ 1-0